 Dungeon Crawl Stone Soup version 0.27.1-1-g398f81649c (webtiles) character file.

Game seed: 10789015336053481305

101685 Borgoz the Warrior (level 16, -1/110 HPs)
             Began as a Gargoyle Berserker on Sept 19, 2021.
             Was an Elder of Trog.
             Slain by a raiju (2 damage)
             ... on level 4 of the Abyss.
             The game lasted 00:36:43 (24896 turns).

Borgoz the Warrior (Gargoyle Berserker)            Turns: 24896, Time: 00:36:44

Health: -1/110     AC: 26    Str: 23    XL:     16   Next: 31%
Magic:  16/16      EV: 16    Int:  8    God:    Trog [****..]
Gold:   1372       SH:  0    Dex: 14    Spells: 15/15 levels left

rFire    + + .     SeeInvis +   n - +3 great mace (flame)
rCold    + . .     Faith    .   (shield currently unavailable)
rNeg     + . .     Spirit   .   u - +0 acid dragon scales
rPois    ∞         Reflect  .   a - +1 hat
rElec    +         Harm     .   e - scarf {rC+ rF+}
rCorr    +         Rampage  .   m - +0 pair of gloves
Will     +++..                  c - +0 pair of boots
Stlth    +.........             C - amulet of regeneration
HPRegen  2.28/turn              l - ring of protection from fire
MPRegen  0.15/turn              r - ring of see invisible

@: strong-willed, on berserk cooldown, flying, regenerating, slowed, very slow
A: sickness immunity, AC +12, big wings, negative energy resistance 1,
electricity resistance, torment resistance 1, petrification resistance
a: Renounce Religion, Berserk, Trog's Hand, Brothers in Arms


You were on level 4 of the Abyss.
You worshipped Trog.
Trog was greatly pleased with you.
You visited 2 branches of the dungeon, and saw 21 of its levels.
You visited the Abyss 1 time.
You also visited: Sewer.

You collected 1733 gold pieces.
You spent 361 gold pieces at shops.

Inventory:

Hand Weapons
 n - a +3 great mace of flaming (weapon)
Armour
 a - a +1 hat (worn)
 c - a +0 pair of boots (worn)
 e - a scarf of resistance (worn)
 m - a +0 pair of gloves (worn)
 u - +0 acid dragon scales (worn)
 A - a +0 troll leather armour
Jewellery
 l - a ring of protection from fire (left hand)
 r - a ring of see invisible (right hand)
 C - an amulet of regeneration (around neck)
 D - a ring of resist corrosion
 O - an amulet of reflection
 Q - the amulet of the Jester {RegenMP +Blink Str+2}
   (You found it on level 5 of the Lair of Beasts)

   [amulet of magic regeneration]

   It increases your rate of magic regeneration.
   Str:       It affects your strength (+2).
   +Blink:    It lets you blink.
Wands
 q - a wand of paralysis (19)
 E - a wand of digging (13)
 I - a wand of iceblast (17)
 L - a wand of acid (10)
 N - a wand of flame (14)
Scrolls
 d - 4 scrolls of fear
 i - a scroll of fog
 o - a scroll of blinking
 p - 4 scrolls of noise {unknown}
 v - 3 scrolls of magic mapping
 y - 8 scrolls of teleportation
 F - 3 scrolls of amnesia {unknown}
 G - a scroll of torment {unknown}
 H - 6 scrolls of enchant weapon
 P - a scroll of acquirement {unknown}
 S - a scroll of enchant armour {unknown}
Potions
 f - 3 potions of brilliance {unknown}
 g - 3 potions of resistance {unknown}
 h - 5 potions of heal wounds
 j - 11 potions of curing
 k - a potion of ambrosia {unknown}
 s - 8 potions of mutation
 t - a potion of attraction
 x - 9 potions of haste
 z - 3 potions of might
 J - 3 potions of magic {unknown}
 M - 3 potions of berserk rage {unknown}


   Skills:
 * Level 16.2 Fighting
 * Level 15.1 Maces & Flails
 * Level 16.1 Armour
 + Level 9.4 Dodging
 - Level 4.0 Shields


You had 15 spell levels left.
You didn't know any spells.
Your spell library was empty.

Dungeon Overview and Level Annotations

Branches:
Dungeon (15/15)            Temple (0/1) D:6            Lair (6/6) D:9
 Shoals (0/4) Lair:4       Spider (0/4) Lair:2        Slime (0/5) Lair:6
    Orc (0/2) D:9          Vaults (0/5) D:14          Sewer (visited)
 Depths: D:15

Altars:
Cheibriados
Dithmenos
Gozag
Nemelex Xobeh
Qazlal
Ru
Sif Muna
Vehumet
Zin
Jiyva

Shops:
D:2 *   D:6 ?   D:7 [   D:14 (

Annotations:
D:15 Louise
Lair:6 1 runed translucent door


Innate Abilities, Weirdness & Mutations

You are immune to sickness and miasma.
Your stone body is resilient. (AC +12)
You are immune to poison.
Your large and strong wings let you fly.
You resist negative energy. (rN+)
You are resistant to electric shocks. (rElec)
You are resistant to unholy torment.
You are immune to petrification.


Message History

The ancient zyme misses you. The raiju bites you but does no damage.
The raiju barely misses you. The raiju completely misses you.
The ancient zyme hits you.
* * * LOW HITPOINT WARNING * * *
The ancient zyme barely misses you.
The tormentor calls on the powers of darkness!
The raiju convulses! x3; Your body is wracked with pain!
* * * LOW HITPOINT WARNING * * *
You bludgeon the ancient zyme!! You burn the ancient zyme.
You destroy the ancient zyme!
Trog accepts your kill. The raiju bites you.
* * * LOW HITPOINT WARNING * * *
The raiju shocks you. You resist.
* * * LOW HITPOINT WARNING * * *
The raiju bursts into living lightning!
The living lightning hits the raiju.
The raiju completely resists.
The living lightning misses you.
The living lightning hits the raiju.
The raiju completely resists.
The raiju blinks! x3
The raiju barely misses you.
The raiju bursts into living lightning!
The living lightning hits you. You resist.
* * * LOW HITPOINT WARNING * * *
The living lightning hits the raiju.
The raiju completely resists.
The raiju blinks! x2; The raiju misses you.
You bludgeon the raiju!! You burn the raiju!
You kill the raiju!
Trog accepts your kill.
The raiju bursts into living lightning!
The living lightning misses you.
The raiju blinks!
The raiju bursts into living lightning!
The living lightning misses you.
The raiju blinks!
The raiju misses you.
You closely miss the raiju.
The raiju is heavily wounded.
The raiju bites you but does no damage. x2; The raiju bites you!
* * * LOW HITPOINT WARNING * * *
The raiju shocks you. You resist.
* * * LOW HITPOINT WARNING * * *
The raiju closely misses you. The raiju bites you.
You die...

. . .. #⌠ #.##
...###.E ..
.....#...#≈# .
... ....#####
.....§
#..#...≈# ..
#.#.....# .
##.2... # #.
#§#hh# .. ##@##
# #h#.#
...##...
.2..#.#. .#....
...###.W.###...
#.# ##W## # #
.. ... .. ...


You could see a tormentor and 3 raiju.

Vanquished Creatures
  A tentacled starspawn (Abyss:4)
  Kirke (Lair:5)
  A dire elephant (Lair:6)
  3 vault guards (D:14)
  Erolcha (D:9)
  12 hydras
  Erica (D:11)
  2 catoblepae
  6 boulder beetles
  A naga warrior (Abyss:4)
  5 two-headed ogres
  7 centaur warriors
  A death knight (D:12)
  A hell hog (Abyss:4)
  9 death yaks
  A deep troll shaman (Lair:6)
  A tengu warrior (D:14)
  A skeletal warrior (D:12)
  A flayed ghost (Abyss:4)
  A phantasmal warrior (D:12)
  A wizard (D:14)
  A deep elf pyromancer (D:13)
  Pikel (D:9)
  2 oklob plants (Lair:5)
  A cyclops (D:14)
  3 manticores
  A worldbinder (Abyss:4)
  11 ugly things
  8 elephants
  A guardian serpent (Abyss:4)
  2 apocalypse crabs
  3 black mambas
  A naga mage (Abyss:4)
  Joseph (D:9)
  24 cane toads
  A torpor snail (Lair:4)
  Psyche (D:9)
  A kobold demonologist (D:13)
  5 rime drakes
  3 efreet
  A rime drake (shapeshifter) (D:15)
  3 unseen horrors
  14 komodo dragons
  A freezing wraith (D:12)
  An ancient zyme (Abyss:4)
  13 polar bears
  3 trolls
  A hornet (D:9)
  A tyrant leech (shapeshifter) (D:15)
  4 raiju (Abyss:4)
  23 blink frogs
  A slime creature (D:14)
  3 dream sheep
  A meliai zombie (D:11)
  A centaur simulacrum (D:14)
  A shadow (D:10)
  A water elemental (Abyss:4)
  43 yaks
  4 basilisks
  Eustachio (D:5)
  4 wyverns
  4 wraiths
  A hog (Lair:5)
  3 vampire mosquitoes (D:14)
  A chaos spawn (Abyss:4)
  3 acid dragons
  2 nagas (shapeshifter)
  A large abomination (Abyss:4)
  11 water moccasins
  2 orc warriors
  3 black bears
  A sky beast (D:7)
  A hornet zombie (D:9)
  3 ogres
  A boggart (D:13)
  8 centaurs
  20 wolves
  A lemure (D:9)
  4 kobold brigands
  11 bullfrogs
  A gnoll sergeant (D:9)
  An earth elemental (Abyss:4)
  A scorpion (D:5)
  3 small abominations (Abyss:4)
  A water moccasin zombie (D:6)
  4 wights (D:9)
  7 electric eels
  2 howler monkeys (D:11)
  A bullfrog zombie (D:9)
  2 centaur zombies
  8 hounds
  Crazy Yiuf (D:2)
  A jelly (D:5)
  2 orc priests (D:11)
  Jessica (D:2)
  4 iguanas
  Natasha (thrice) (D:2)
  Ijyb (D:4)
  9 orc wizards
  11 hell rats
  A scorpion zombie (D:5)
  3 killer bee zombies
  A howler monkey zombie (D:10)
  10 gnolls
  2 howler monkey skeletons
  9 river rats (Sewer)
  9 adders
  2 ufetubi (D:5)
  An adder zombie (D:5)
  2 adder skeletons (D:4)
  4 worms
  4 dart slugs
  28 orcs
  7 endoplasms
  3 giant cockroaches
  9 goblins
  5 hobgoblins
  4 jackals (D:1)
  2 quokkas
  11 ball pythons
  6 bats
  6 frilled lizards
  34 kobolds
  21 rats
  A starspawn tentacle (Abyss:4)
584 creatures vanquished.

Vanquished Creatures (collateral kills)
  Rupert (D:12)
  A vault guard (D:14)
  2 hydras
  A boulder beetle (Lair:5)
  A death yak (Lair:5)
  A centaur warrior (D:14)
  3 skeletal warriors (D:12)
  A manticore (D:12)
  3 ugly things (D:15)
  2 oklob plants (Lair:5)
  A cyclops (D:14)
  2 black mambas (Lair:5)
  A torpor snail (Lair:5)
  A cane toad (Lair:5)
  2 komodo dragons (Lair:5)
  A yak (Lair:5)
  A hog (shapeshifter) (D:14)
  A neqoxec (Abyss:4)
  A water moccasin (Lair:5)
27 creatures vanquished.

Vanquished Creatures (others)
  An orc priest (D:11)
  2 orc wizards
  A gnoll (D:9)
  41 fungi
  74 plants
  5 starspawn tentacles (Abyss:4)
124 creatures vanquished.

Grand Total: 735 creatures vanquished

Notes
Turn   | Place    | Note
-------+----------+-------------------------------------------
     0 | D:1      | Borgoz the Gargoyle Berserker began the quest for the Orb.
     0 | D:1      | Reached XP level 1. HP: 14/14 MP: 1/1
    82 | D:1      | Reached XP level 2. HP: 15/19 MP: 2/2
   566 | D:1      | Reached ** piety under Trog
   567 | D:1      | Reached XP level 3. HP: 15/24 MP: 3/3
   777 | D:1      | Found a faded altar of an unknown god.
  1339 | D:2      | Noticed Natasha
  1354 | D:2      | Killed Natasha
  1355 | D:2      | Reached XP level 4. HP: 29/29 MP: 4/4
  1642 | D:2      | Noticed Natasha
  1652 | D:2      | Killed Natasha
  1740 | D:2      | Found Hufeit's Assorted Antiques.
  1747 | D:2      | Noticed Jessica
  1777 | D:2      | Killed Jessica
  1778 | D:2      | Reached XP level 5. HP: 13/33 MP: 5/5
  2111 | D:2      | Noticed Natasha
  2116 | D:2      | Killed Natasha
  2369 | D:2      | Found a runed translucent door.
  2370 | D:2      | Noticed Crazy Yiuf
  3055 | D:2      | Killed Crazy Yiuf
  3056 | D:2      | Reached XP level 6. HP: 39/39 MP: 3/6
  3200 | D:3      | Found a sacrificial altar of Ru.
  4022 | D:4      | Noticed Ijyb
  4031 | D:4      | Killed Ijyb
  4392 | D:4      | Reached skill level 5 in Fighting
  4471 | D:4      | Reached skill level 1 in Shields
  4471 | D:4      | Reached XP level 7. HP: 44/44 MP: 7/7
  4580 | D:4      | Reached *** piety under Trog
  4744 | D:4      | Found a sparkling altar of Nemelex Xobeh.
  4780 | D:4      | Found a stormy altar of Qazlal.
  4924 | D:4      | Found a snail-covered altar of Cheibriados.
  4951 | D:4      | Found a radiant altar of Vehumet.
  5031 | D:4      | Reached skill level 5 in Maces & Flails
  5268 | D:5      | Entered Level 5 of the Dungeon
  5319 | D:5      | Found a glowing silver altar of Zin.
  5343 | D:5      | Reached skill level 5 in Armour
  5509 | D:5      | Reached XP level 8. HP: 51/51 MP: 8/8
  6251 | D:5      | Noticed Eustachio
  6266 | D:5      | Killed Eustachio
  6366 | D:5      | Found an opulent altar of Gozag.
  6501 | D:6      | Found Tudegeokk's Magic Scroll Emporium.
  6675 | D:6      | Found a staircase to the Ecumenical Temple.
  6774 | D:6      | Found a glowing drain.
  6816 | Sewer    | Entered a sewer
  7158 | Sewer    | Reached **** piety under Trog
  7232 | Sewer    | Reached XP level 9. HP: 54/57 MP: 9/9
  8083 | D:2      | Bought a brass ring for 95 gold pieces
  8083 | D:2      | Bought a thin cameo amulet for 95 gold pieces
  8083 | D:2      | Bought a large wooden ring for 95 gold pieces
  8083 | D:2      | Bought a scroll labelled SUCSUIGINWU for 19 gold pieces
  8083 | D:2      | Bought a scroll labelled FINLUPEMOW for 19 gold pieces
  8086 | D:2      | Bought a scroll of identify for 38 gold pieces
  8668 | D:7      | Found Moicsurih's Antique Armour Boutique.
  9246 | D:8      | Noticed a two-headed ogre
  9264 | D:8      | Killed a two-headed ogre
  9680 | D:8      | Noticed a six-headed hydra
  9681 | D:8      | Noticed a centaur warrior
  9699 | D:8      | Killed a six-headed hydra
  9700 | D:8      | Reached XP level 10. HP: 65/65 MP: 10/10
  9708 | D:8      | Killed a centaur warrior
 10067 | D:9      | Noticed Pikel
 10091 | D:9      | Killed Pikel
 10092 | D:9      | Found a shadowy altar of Dithmenos.
 10181 | D:9      | Reached skill level 5 in Dodging
 10186 | D:9      | Found a staircase to the Lair.
 10211 | D:9      | Reached ***** piety under Trog
 10219 | D:9      | Noticed Erolcha
 10230 | D:9      | Noticed Psyche
 10232 | D:9      | Noticed Joseph
 10237 | D:9      | Killed Psyche
 10261 | D:9      | Killed Joseph
 10262 | D:9      | Reached XP level 11. HP: 57/72 MP: 11/11
 10271 | D:9      | Killed Erolcha
 10272 | D:9      | Reached skill level 10 in Fighting
 10341 | D:9      | Reached skill level 10 in Armour
 10626 | D:9      | Found a staircase to the Orcish Mines.
 10944 | D:10     | Entered Level 10 of the Dungeon
 11596 | D:10     | Found a shimmering blue altar of Sif Muna.
 11711 | D:11     | Found a radiant altar of Vehumet.
 12166 | D:11     | Noticed Erica
 12175 | D:11     | Killed Erica
 12176 | D:11     | Reached skill level 10 in Maces & Flails
 12326 | D:11     | Noticed a boulder beetle
 12414 | D:11     | Killed a boulder beetle
 12582 | D:11     | Noticed a two-headed ogre
 12593 | D:11     | Killed a two-headed ogre
 13144 | D:11     | Reached XP level 12. HP: 52/80 MP: 12/12
 13385 | D:12     | Noticed a death knight
 13417 | D:12     | Killed a death knight
 13489 | D:12     | Noticed a four-headed hydra
 13489 | D:12     | Noticed a two-headed ogre
 13498 | D:12     | Killed a two-headed ogre
 13504 | D:12     | Killed a four-headed hydra
 13693 | D:12     | Noticed Rupert
 13805 | Lair:1   | Entered Level 1 of the Lair of Beasts
 14717 | Lair:1   | Reached XP level 13. HP: 72/87 MP: 13/13
 15071 | Lair:2   | Found a hole to the Spider Nest.
 16831 | Lair:4   | Found a staircase to the Shoals.
 17215 | Lair:3   | Gained mutation: Your large and strong wings let you fly.
                  | [Gargoyle growth]
 17215 | Lair:3   | Reached XP level 14. HP: 86/95 MP: 14/14
 18057 | Lair:5   | Identified the amulet of the Jester {RegenMP +Blink Str+2}
 18462 | Lair:5   | Received a gift from Trog
 18745 | Lair:5   | Noticed Kirke
 18775 | Lair:5   | Killed Kirke
 19763 | Lair:6   | Entered Level 6 of the Lair of Beasts
 20031 | Lair:6   | Reached XP level 15. HP: 101/101 MP: 15/15
 20214 | Lair:6   | Reached skill level 15 in Fighting
 20470 | Lair:6   | Found a runed translucent door.
 20470 | Lair:6   | Found a viscous altar of Jiyva.
 20470 | Lair:6   | Found a staircase to the Slime Pits.
 20470 | Lair:6   | Noticed an azure jelly
 20773 | Lair:6   | Reached skill level 15 in Armour
 21826 | D:12     | Paralysed by Rupert for 7 turns
 21838 | D:12     | Killed Rupert
 22472 | D:13     | Received a gift from Trog
 23303 | D:14     | Found Loameroes's Antique Weapon Boutique.
 23337 | D:14     | Found a gate to the Vaults.
 23585 | D:14     | Reached XP level 16. HP: 89/110 MP: 16/16
 24082 | D:15     | Entered Level 15 of the Dungeon
 24579 | D:15     | Noticed Louise
 24636 | D:15     | Cast into level 3 of the Abyss (Louise)
 24651 | Abyss:3  | Reached skill level 15 in Maces & Flails
 24707 | Abyss:4  | Noticed a bone dragon
 24712 | Abyss:4  | Noticed a tentacled starspawn
 24729 | Abyss:4  | Killed a tentacled starspawn
 24894 | Abyss:4  | HP: 3/110 [raiju/living lightning (6)]
 24896 | Abyss:4  | HP: 1/110 [raiju (2)]
 24896 | Abyss:4  | Slain by a raiju

Illustrated notes

Levels and vault maps discovered:
D:1:      wander_arrival_estate, layout_rooms,
          hellmonk_ecumenical_altar_lost_god
D:2:      layout_basic, serial_shops, nicolae_shop_stone, minmay_between,
          uniq_crazy_yiuf_cottage, uniq_natasha, uniq_jessica
D:3:      layout_loops_ring, amcnicky_altar_gilded
D:4:      layout_loops_corners, marbit_many_paths,
          mainiacjoe_overflow_catwalk_spiral, nicolae_qazlal_general_emergency,
          minmay_box_of_dots, uniq_ijyb
D:5:      layout_basic, grunt_gozag_breadcrumbs, lemuel_crystal_altar,
          uniq_eustachio
D:6:      layout_layer_cave, minmay_temple_entry_fiery,
          cheibrodos_sewer_entry_bend, serial_shops, shop_scrolls
D:7:      layout_loops_corners, serial_shops, shop, kennysheep_generic_room_13
D:8:      minmay_cornered_nines, layout_loops_ring
D:9:      layout_loops_ring, old_standard_altar, erik_lair_island, orc_0_dummy,
          uniq_pikel, uniq_psyche, uniq_erolcha, uniq_joseph
D:10:     layout_stronghold, tgw_sif, serial_column_ruins,
          column_ruins_open_tiny, column_ruins_corridor_straight,
          column_ruins_corridor_straight, column_ruins_grid_2,
          column_ruins_open_tiny
D:11:     layout_gridville, fiery_altar_vehumet, uniq_erica
D:12:     layout_loops_ring, uniq_rupert
D:13:     layout_basic, minmay_shattered_shrine
D:14:     layout_basic, lightli_vaults_fourway_checkpoint, glass_columns_c,
          serial_shops, shop
D:15:     grunt_enter_depths_magical_seal, layout_loops_ring,
          skrybe_limestone_x, uniq_louise
Lair:1:   statuecave_lemuel, layout_cellular_growth,
          chequers_serial_rivers_small_b
Lair:2:   layout_roguey, dummy_spider_entry, grunt_megastairs_4,
          serial_bayou_shore_a
Lair:3:   layout_loops_ring, wad_woods_river_01
Lair:4:   layout_long_grid, shoals_dummy_entry, chequers_serial_rivers_micro_b,
          chequers_serial_rivers_large_a, chequers_serial_rivers_room_a,
          beast_lair_carwin_1
Lair:5:   nzn_winding_woodlands_stair_trap [nzn_winding_woodlands_5x15_pockets,
          nzn_winding_woodlands_5x15_default,
          nzn_winding_woodlands_5x15_sawtooth,
          nzn_winding_woodlands_15x15_killbox, nzn_winding_woodlands_5x15_twine,
          nzn_winding_woodlands_5x15_default, nzn_winding_woodlands_5x15_pool],
          layout_long_grid, chequers_serial_rivers_marsh,
          minmay_lair_oklob_chamber, serial_bayou_shore_b, uniq_kirke
Lair:6:   grunt_lair_end_beastmaster, layout_regular_city, slime_altar_2
Abyss:4:  base: Lair:4, evilmike_abyss_exit_8, hangedman_abyss_shoalhut,
          evilmike_abyss_rune_elephants_shrine, hangedman_abyss_shoalhut,
          nicolae_abyss_rune_left_handed, onia_ninara_dug_in_and_dangerous,
          hangedman_abyss_stitches_cave,
          dshaligram_kb_abyss_rune_zappy_water_cross, hangedman_abyss_mock_shop,
          hangedman_abyss_mock_shop

Skill      XL: |  1  2  3  4  5  6  7  8  9 10 11 12 13 14 15 16 |
---------------+-------------------------------------------------+-----
Fighting       | 4 5 7 8 9 11 12 13 14 15 16 | 16.2
Armour         | 3 4 5 6 8 9 11 12 13 14 15 16 | 16.1
Dodging        | 2 3 4 5 6 7 8 9 |  9.4
Maces & Flails | 4 5 6 8 9 10 11 12 13 14 15 | 15.1
Shields        | 1 2 3 4 |  4.0

Action                   |  1- 3 |  4- 6 |  7- 9 | 10-12 | 13-15 | 16-18 || total
-------------------------+-------+-------+-------+-------+-------+-------++-------
Melee: Mace              |   114 |    93 |       |       |       |       ||   207
       Flail             |       |    88 |   493 |   737 |  1565 |       ||  2883
       Unarmed           |       |     4 |       |       |    22 |       ||    26
       Great mace        |       |       |       |       |   162 |   178 ||   340
Throw: Throwing net      |       |       |     2 |       |       |       ||     2
Invok: Berserk           |     2 |     5 |     5 |     9 |    13 |     2 ||    36
       Trog's Hand       |     1 |     3 |     1 |     7 |     7 |     5 ||    24
       Brothers in Arms  |       |       |       |     4 |     5 |     5 ||    14
Evoke: Wand              |       |       |     6 |    13 |       |       ||    19
  Use: Scroll            |       |       |    16 |     4 |     1 |     1 ||    22
       Potion            |       |       |       |     5 |     6 |       ||    11
 Stab: Paralysed         |       |       |     5 |    21 |       |       ||    26
       Invisible         |       |       |       |     2 |     4 |       ||     6
       Distracted        |       |       |       |       |     1 |       ||     1
Armor: Animal skin       |    29 |       |       |       |       |       ||    29
       Ring mail         |    31 |   103 |    58 |       |       |       ||   192
       Acid dragon scale |       |       |   259 |   351 |  1093 |   201 ||  1904
Dodge: Dodged            |    81 |   110 |   343 |   426 |  1341 |   336 ||  2637
Block: Buckler           |       |     8 |   116 |   167 |   377 |       ||   668
